 Dungeon Crawl Stone Soup version 0.19.1 (webtiles) character file.

21 Ladykiller69 the Skirmisher (level 2, 0/27 HPs)
             Began as a Minotaur Abyssal Knight on Dec 6, 2016.
             Was a Follower of Lugonu.
             Slain by a goblin
             ... wielding a +0 club
              (1 damage)
             ... on level 1 of the Dungeon.
             The game lasted 00:01:32 (432 turns).

Ladykiller69 the Skirmisher (MiAK)                   Turns: 432, Time: 00:01:33

Health: 0/27       AC:  3    Str: 16    XL:     2   Next: 62%
Magic:  2/2        EV: 11    Int:  9    God:    Lugonu [*.....]
Gold:   17         SH:  0    Dex:  9    Spells: 0 memorised, 1 level left

rFire  . . .     SeeInvis .     a - +1 falchion
rCold  . . .     Gourm    .     b - +0 leather armour
rNeg   . . .     Faith    .     (no shield)
rPois  .         Spirit   .     (helmet restricted)
rElec  .         Reflect  .     (no cloak)
rCorr  .         Harm     .     (no gloves)
MR     .....                    (no boots)
Stlth  +.........               (no amulet)
                                (no ring)
                                (no ring)

@: no status effects
A: retaliatory headbutt, horns 2
a: Depart the Abyss, Renounce Religion


You were on level 1 of the Dungeon.
You worshipped Lugonu.
Lugonu was aware of your devotion.
You were not hungry.

You visited 1 branch of the dungeon, and saw 1 of its levels.
You visited the Abyss 1 time.

You collected 17 gold pieces.

Inventory:

Hand Weapons
 a - a +1 falchion (weapon)
Missiles
 h - 4 stones (quivered)
Armour
 b - a +0 leather armour (worn)
Scrolls
 d - 2 scrolls of amnesia {unknown}
 e - a scroll of identify {unknown}
 g - a scroll of enchant weapon {unknown}
 i - a scroll of random uselessness {unknown}
Comestibles
 c - a bread ration
 f - a chunk of flesh


   Skills:
 + Level 3.8 Fighting
 * Level 3.1 Long Blades
 + Level 2.5 Armour
 + Level 1.4 Dodging
 + Level 2.1 Invocations


You had one spell level left.
You didn't know any spells.

Dungeon Overview and Level Annotations

Branches:
Dungeon (1/15)

Altars:


Innate Abilities, Weirdness & Mutations

You reflexively headbutt those who attack you in melee.
You have a pair of horns on your head.


Message History

You are too injured to fight recklessly!
The goblin hits you but does no damage.
Found 13 gold pieces.
You hit the hobgoblin but do no damage. The goblin hits you but does no damage.
The hobgoblin hits you.
* * * LOW HITPOINT WARNING * * *
You completely miss the hobgoblin. The goblin hits you with a club.
* * * LOW HITPOINT WARNING * * *
The hobgoblin closely misses you. You furiously retaliate!
You headbutt the hobgoblin.
You riposte.
You closely miss the hobgoblin. Your headbutt misses the hobgoblin.
The hobgoblin is heavily wounded.
You miss the goblin. Your headbutt misses the goblin.
The goblin is severely wounded.
The goblin completely misses you. The hobgoblin hits you.
* * * LOW HITPOINT WARNING * * *
You barely miss the goblin.
The goblin is severely wounded.
The hobgoblin misses you. The goblin hits you with a club.
You die...

#.......≈≈≈..#
#............#
#...........##
######...........##
#..........#(......
#...............##.
#...#............>.
#................#.
#.@.#............#.
#.gg#.#..........#.
#..†.#.#.#.#.#.#..#.
....................
#. ...####.#.#
#.#.#.# .. ....
#.... .# $.. .?# #.
. ## ##. .. # #.


You could see a hobgoblin and a goblin.

Vanquished Creatures
  An ooze (D:1)
  A leopard gecko (D:1)
  A giant cockroach (D:1)
  A goblin (D:1)
  2 hobgoblins (D:1)
  A bat (D:1)
  A frilled lizard (D:1)
  3 kobolds (D:1)
  5 rats (D:1)
16 creatures vanquished.

Notes
Turn   | Place    | Note
-------+----------+-------------------------------------------
     0 | Abyss:1  | Ladykiller69 the Minotaur Abyssal Knight began the quest for the Orb.
     0 | Abyss:1  | Reached XP level 1. HP: 19/19 MP: 1/1
    52 | Abyss:1  | Noticed a golden dragon skeleton
    79 | D:1      | Escaped the Abyss
   285 | D:1      | Reached XP level 2. HP: 17/27 MP: 2/2
   346 | D:1      | Reached * piety under Lugonu
   431 | D:1      | HP: 1/27 [hobgoblin (2)]
   432 | D:1      | Slain by a goblin

Skill      XL: |  1  2 |
---------------+-------+-----
Long Blades    | 3 |  3.1
Invocations    | 2 |  2.1
Fighting       | |  3.8
Armour         | |  2.5
Dodging        | |  1.4

Action                   || total
-------------------------++-------
Melee: Falchion          ||    36
       Headbutt          ||     3
Invok: Depart the Abyss  ||     1
Armor: Leather armour    ||    13
Dodge: Dodged            ||    24
       Rpst.: Falchion   ||     4
